 Dungeon Crawl Stone Soup version 0.31.0-11-ge490571c62 (webtiles) character file.

Game seed: 18125564745282491009

293 Chiseanne the Sneak (level 6, -4/42 HPs)
             Began as an Octopode Shapeshifter on Feb 8, 2024.
             Slain by a phantom (5 damage)
             ... on level 4 of the Dungeon.
             The game lasted 00:04:34 (2588 turns).

Chiseanne the Sneak (Octopode Shapeshifter)         Turns: 2588, Time: 00:04:35

Health: -4/42      AC:  1    Str: 13    XL:     6   Next: 33%
Magic:  6/6        EV: 14    Int: 13    God:
Gold:   158        SH:  5    Dex: 13    Spells: 5/5 levels left

rFire   . .          .
                       - Unarmed
rCold   . . .        (no shield)
rNeg    . . .        (helmet currently unavailable)
rPois   .            e - amulet of reflection
rElec   .            (no ring)
rCorr   .            (no ring)
SInv    .            (no ring)
Will    .....        (no ring)
Stlth   ++++         (no ring)
HPRegen 0.27/turn    (no ring)
MPRegen 0.10/turn    (no ring)
                     (no ring)

%: reflection
@: beast-form
A: beast (slay +2), almost no armour, amphibious, 8 rings, camouflage 1,
gelatinous body 1, (nimble swimmer 1), tentacles
a: Begin Untransformation


You were on level 4 of the Dungeon.
You were a hulking beast.
You visited 1 branch of the dungeon, and saw 4 of its levels.

You collected 158 gold pieces.

Inventory:

Missiles
 i - 10 stones
 j - 4 poisoned darts (quivered)
Jewellery
 e - an amulet of reflection (around mantle)
 h - an amulet of faith
Talismans
 b - a beast talisman (active)
 c - a flux talisman
Scrolls
 f - a scroll of poison
 g - a scroll of amnesia
Potions
 a - 3 potions of lignification
 k - a potion of might {unknown}
 m - a potion of brilliance {unknown}


   Skills:
 * Level 3.1 Fighting
 * Level 3.6 Dodging
 * Level 4.1 Stealth
 - Level 3.0 Unarmed Combat
 * Level 4.1 Shapeshifting


You had 5 spell levels left.
You didn't know any spells.
Your spell library was empty.

Dungeon Overview and Level Annotations

Branches:
Dungeon (4/15)
 Temple: D:4-7

Altars:
Ashenzari
Hepliaklqana


Innate Abilities, Weirdness & Mutations

You are a hulking beast.
Your limbs bulge with bestial killing power. (Slay +2)
You cannot wear most types of armour.
You are amphibious.
You can wear up to eight rings at the same time.
Your skin changes colour to match your surroundings (Stealth+).
Your rubbery body absorbs attacks. (AC +1, EV +1)
((You are camouflaged when in or above water. (Stealth+)))
You have tentacles for arms and can constrict up to eight enemies at once.


Message History

You block the orc's attack. The orc closely misses you.
The orc wizard hits you with a +0 dagger.
The orc priest invokes the aid of Beogh against you.
Beogh smites you! The orc hits you with a +0 whip.
You closely miss the orc wizard. You grab the orc wizard.
You squeeze the orc wizard.
The orc wizard is severely wounded.
You constrict the orc wizard.
You constrict the orc priest, but do no damage.
The orc priest hits you with a +0 short sword.
* * * LOW HITPOINT WARNING * * *
The orc wizard casts a spell at you. The puff of flame hits you!
* * * LOW HITPOINT WARNING * * *
The orc barely misses you. x2; The orc closely misses you.
You tentacle-slap the orc wizard.
The orc wizard is almost dead.
You constrict the orc wizard, but do no damage.
You constrict the orc priest. The orc barely misses you.
The orc wizard completely misses you. The orc completely misses you.
You block the orc priest's attack. The orc barely misses you.
You tentacle-slap the orc wizard.
You kill the orc wizard!
You constrict the orc priest. You block the orc's attack.
The orc priest hits you with a +0 short sword.
* * * LOW HITPOINT WARNING * * *
The orc barely misses you. x2
Your Fighting skill increases to level 3!
Your Stealth skill increases to level 4!
You bludgeon the orc priest!
You kill the orc priest!
The orc completely misses you. You block the orc's attack. The orc misses you.
Okay, then.
Okay, then.
You bludgeon the orc!
You kill the orc!
The orc hits you with a +0 whip.
* * * LOW HITPOINT WARNING * * *
The phantom hits you.
You die...

##. ..## .##'##.
######... ....... #..<#
..#####....... #...#
#.#...#.......
#####...###.#...o..._...
......$.....#...#.......
............##.#W)......
...............#ho......
####..†##..#..)o).#'##.
..#.†.###......##...#
#.#†..# ####....# ..#
###[#...# ###..# .#
..>.....# #..# ..
..#.#<.%# #.... .
......### #..... ..###.#
..:..


You could see a phantom and 2 orcs.

Vanquished Creatures
  2 orc priests (D:4)
  3 orc wizards
  5 adders
  4 gnolls
  4 dart slugs
  A ribbon worm (D:2)
  6 orcs
  5 endoplasms
  A giant cockroach (D:1)
  6 goblins
  7 hobgoblins
  A quokka (D:2)
  6 ball pythons
  8 bats
  2 frilled lizards
  5 kobolds
  5 rats
71 creatures vanquished.

Notes
Turn   | Place    | Note
-------+----------+-------------------------------------------
     0 | D:1      | Chiseanne the Octopode Shapeshifter began the quest for the
                  | Orb.
     0 | D:1      | Reached XP level 1. HP: 13/13 MP: 1/1
   138 | D:1      | Reached skill level 1 in Stealth
   138 | D:1      | Reached XP level 2. HP: 18/18 MP: 2/2
   488 | D:1      | Reached XP level 3. HP: 22/23 MP: 3/3
  1033 | D:2      | Reached XP level 4. HP: 29/29 MP: 4/4
  1098 | D:2      | Found a faded altar of an unknown god.
  1330 | D:2      | Found a hazy altar of Hepliaklqana.
  1813 | D:3      | Reached XP level 5. HP: 11/35 MP: 5/5
  1815 | D:3      | Found a hazy altar of Hepliaklqana.
  2432 | D:4      | Reached XP level 6. HP: 9/41 MP: 6/6
  2577 | D:4      | Found a broken altar of Ashenzari.
  2586 | D:4      | HP: 2/41 [orc priest/+0 short sword (1)]
  2588 | D:4      | Slain by a phantom

Illustrated notes

Levels and vault maps discovered:
D:1:      nicolae_arrival_somewhat_less_tricky_arrival, layout_loops_ring
D:2:      layout_loops_ring, shapermc_ecumenical_altar_mp_urbaneastern,
          basic_altar
D:3:      layout_rooms, mainiacjoe_overflow_catwalk
D:4:      minmay_general_purpose_star, layout_loops_cross, lemuel_doored_altar,
          evilmike_ruin_ashenzari, mainiacjoe_sewer_entry_somewhere_in_here_1,
          lexackson_kobold_supper

Skill      XL: |  1  2  3  4  5  6 |
---------------+-------------------+-----
Stealth        | 1 2 3 4 |  4.1
Fighting       | 2 3 |  3.1
Dodging        | 3 |  3.6
Shapeshifting  | 4 |  4.1
Unarmed Combat | |  3.0

Action                     |  1- 3 |  4- 6 || total
---------------------------+-------+-------++-------
  Melee: Unarmed           |    59 |    94 ||   153
         Constrict         |    13 |    30 ||    43
         Tentacles         |    13 |    25 ||    38
         Punch             |     1 |     2 ||     3
  Throw: Dart              |       |     6 ||     6
         Stone             |       |     3 ||     3
    Use: Scroll            |     6 |     2 ||     8
   Stab: Sleeping          |     7 |     3 ||    10
         Distracted        |       |     1 ||     1
 Armour: Skin              |    18 |    39 ||    57
  Dodge: Dodged            |    32 |    55 ||    87
  Block: Other             |       |    20 ||    20
         Reflection        |       |     1 ||     1
   Form: Beast             |     1 |       ||     1
